 Dungeon Crawl Stone Soup version 0.21.1-1-g345015f (webtiles) character file.

6465 Hebeh the Cleaver (level 10, -10/94 HPs)
             Began as a Deep Dwarf Fighter on June 15, 2018.
             Was an Initiate of Makhleb.
             Mangled by DanFootitt's ghost (23 damage)
             ... on level 9 of the Dungeon.
             The game lasted 00:48:26 (7580 turns).

Hebeh the Cleaver (Deep Dwarf Fighter)              Turns: 7580, Time: 00:48:26

Health: -10/94     AC: 11    Str: 22    XL:     10   Next: 68%
Magic:  0/0        EV:  8    Int: 10    God:    Makhleb [......]
Gold:   448        SH: 11    Dex: 12    Spells: 9/9 levels left

rFire    . . .     SeeInvis .   H - +2 whip (vamp)
rCold    + . .     Gourm    .   c - +0 shield
rNeg     . . .     Faith    .   b - +0 scale mail
rPois    .         Spirit   .   y - +0 helmet
rElec    .         Reflect  .   k - +0 cloak
rCorr    .         Harm     .   (no gloves)
MR       +....                  (no boots)
Stlth    ..........             (no amulet)
HPRegen  0.00/turn              o - ring of protection from cold
MPRegen  0.07/turn              (no ring)

@: non-regenerating
A: damage resistance, heal wounds, sense surroundings 2, no regeneration
a: Heal Wounds, Renounce Religion


You were on level 9 of the Dungeon.
You worshipped Makhleb.
Makhleb was noncommittal.
You were not hungry.

You visited 3 branches of the dungeon, and saw 12 of its levels.

You collected 448 gold pieces.

Inventory:

Hand Weapons
 a - a +0 war axe
 l - a +2 mace of protection
 u - a +2 whip of freezing
 H - a +2 vampiric whip (weapon)
Armour
 b - a +0 scale mail (worn)
 c - a +0 shield (worn)
 k - a +0 cloak (worn)
 y - a +0 helmet (worn)
 N - a +0 pair of gloves
Jewellery
 o - a ring of protection from cold (left hand)
 C - an uncursed ring of resist corrosion
 E - an uncursed ring of positive energy {unknown}
 G - a +3 ring of evasion {unknown}
Wands
 e - a wand of disintegration (10)
 t - a wand of iceblast (7)
 x - a wand of paralysis (17)
 K - a wand of scattershot (9)
Scrolls
 g - 2 scrolls of fog {unknown}
 h - a scroll of noise {unknown}
 n - 3 scrolls of teleportation
 p - 4 scrolls of fear
 q - a scroll of amnesia {unknown}
 s - a scroll of blinking {unknown}
 v - a scroll of immolation {unknown}
 B - 5 scrolls of identify
 D - 3 scrolls of remove curse {unknown}
 M - a scroll of enchant armour {unknown}
Potions
 d - 2 potions of might
 i - 5 potions of heal wounds {unknown}
 j - 8 potions of curing
 m - a potion of mutation {unknown}
 r - 2 potions of magic {unknown}
 w - 2 potions of degeneration {unknown}
 z - 3 potions of agility {unknown}
 A - 2 potions of brilliance {unknown}
 F - 3 potions of flight {unknown}
 J - a potion of resistance {unknown}
 L - a potion of haste {unknown}
Books
 I - a book of Flames

   Spells                             Type                      Level
   a - Flame Tongue                   Conjuration/Fire             1
   b - Throw Flame                    Conjuration/Fire             2
   c - Conjure Flame                  Conjuration/Fire             3
   d - Inner Flame                    Hexes/Fire                   3
   e - Sticky Flame                   Conjuration/Fire             4
   f - Fireball                       Conjuration/Fire             5
 O - a book of Maledictions

   Spells                             Type                      Level
   a - Corona                         Hexes                        1
   b - Ensorcelled Hibernation        Hexes/Ice                    2
   c - Confuse                        Hexes                        3
   d - Tukima's Dance                 Hexes                        3
   e - Dazzling Spray                 Conjuration/Hexes            3
Comestibles
 f - 16 rations
 P - 8 chunks of flesh


   Skills:
 + Level 7.2 Fighting
 * Level 11.3 Axes
 + Level 8.7 Armour
 + Level 8.7 Shields


You had 9 spell levels left.
You didn't know any spells.

Dungeon Overview and Level Annotations

Branches:
Dungeon (10/15)            Temple (1/1) D:4            Lair (1/6) D:8
    Orc (0/2) D:9

Altars:
Ashenzari
Cheibriados
Dithmenos
Elyvilon
Fedhas
Gozag
Hepliaklqana
Kikubaaqudgha
Makhleb
Nemelex Xobeh
Okawaru
Qazlal
Ru
Sif Muna
Trog
Uskayaw
Vehumet
Wu Jian
Xom
Yredelemnul
Zin
The Shining One

Shops:
D:9 [

Annotations:
D:9 DanFootitt's ghost, novice TrFi


Innate Abilities, Weirdness & Mutations

You are resistant to damage.
You can heal yourself by infusing magical energy.
You passively map the area around you.
You do not regenerate.


Message History

DanFootitt's ghost is moderately damaged.
You hit DanFootitt's ghost but do no damage.
DanFootitt's ghost is moderately damaged.
You block DanFootitt's ghost's attack.
You hit DanFootitt's ghost.
DanFootitt's ghost is moderately damaged.
DanFootitt's ghost whispers, "You will understand me better in a moment."
DanFootitt's ghost hits you.
You hit DanFootitt's ghost but do no damage.
DanFootitt's ghost is moderately damaged.
You block DanFootitt's ghost's attack.
You whack DanFootitt's ghost!
DanFootitt's ghost is moderately damaged.
You block DanFootitt's ghost's attack.
You hit DanFootitt's ghost.
DanFootitt's ghost is moderately damaged.
You hit DanFootitt's ghost but do no damage.
DanFootitt's ghost is moderately damaged.
DanFootitt's ghost hits you!!
You die...

* ###.......###.###.## #
** # .......#..###,
#.>.####
*#.###.#.......#.##.#.....
*
#.......#........#...####
#.##........#.#..#####
.........<.......# ,
#...##..#####.##.#
..............# ,# ,*
.......#@###### *
.##.####W#* * * , ,,...*
... * , * **.##* .....* **
, #.....# * ,** #.....# ,*
* *, , #.....# , , *,
####### , *, * *


You could see DanFootitt's ghost.

Vanquished Creatures
  4 two-headed ogres (D:8)
  Pikel (D:4)
  Eustachio (D:4)
  Menkaure (D:6)
  2 hell hounds (D:8)
  An orc warrior (D:8)
  3 sky beasts
  3 slaves (D:4)
  An ice beast (D:5)
  5 ogres
  A phantom (D:4)
  5 centaurs
  The ghost of Ramesses the Caller, an amateur OpSu of Yredelemnul (D:3)
  3 bullfrogs
  A big kobold (D:8)
  A scorpion (D:9)
  6 killer bees (D:8)
  A crimson imp (D:5)
  3 bullfrog zombies
  A centaur zombie (D:6)
  7 hounds
  An orc priest (D:6)
  2 orc wizards (D:6)
  A centaur skeleton (D:5)
  Crazy Yiuf (D:5)
  A bullfrog skeleton (D:6)
  2 iguanas
  Ijyb (D:4)
  3 worker ants (D:6)
  2 hound zombies
  2 worker ant zombies
  2 howler monkey zombies (D:6)
  3 gnolls (D:3)
  10 adders
  3 adder zombies
  An adder skeleton (D:5)
  2 worms (D:4)
  A dart slug (D:3)
  5 leopard geckos
  24 orcs
  9 giant cockroaches
  6 goblins
  9 hobgoblins
  4 jackals
  10 kobolds
  6 quokkas
  A ball python (D:5)
  9 bats
  3 frilled lizards (D:1)
  2 jackal skeletons
  A leopard gecko skeleton (D:6)
  A leopard gecko zombie (D:5)
  2 quokka skeletons (D:6)
  A quokka zombie (D:6)
  4 rats
187 creatures vanquished.

Vanquished Creatures (others)
  An iguana (D:4)
  2 orcs (D:4)
  A ball python (D:4)
  A giant cockroach (D:4)
  A leopard gecko skeleton (D:4)
6 creatures vanquished.

Grand Total: 193 creatures vanquished

Notes
Turn   | Place    | Note
-------+----------+-------------------------------------------
     0 | D:1      | Hebeh the Deep Dwarf Fighter began the quest for the Orb.
     0 | D:1      | Reached XP level 1. HP: 20/20 MP: 1/1
    88 | D:1      | Reached XP level 2. HP: 25/27 MP: 2/2
  1071 | D:2      | Reached skill level 3 in Axes
  1118 | D:2      | Reached XP level 3. HP: 29/34 MP: 3/3
  1447 | D:2      | Reached XP level 4. HP: 36/42 MP: 4/4
  1823 | D:3      | Found a blossoming altar of Fedhas.
  1824 | D:3      | Noticed Ramesses's ghost (amateur OpSu)
  1854 | D:3      | Killed Ramesses's ghost
  1854 | D:3      | Reached skill level 4 in Axes
  1854 | D:3      | Reached XP level 5. HP: 42/49 MP: 5/5
  2478 | D:4      | Noticed Eustachio
  2524 | D:4      | Killed Eustachio
  2524 | D:4      | Reached skill level 5 in Axes
  2524 | D:4      | Reached XP level 6. HP: 31/57 MP: 6/6
  2601 | D:4      | Found a staircase to the Ecumenical Temple.
  2601 | D:4      | Noticed a slave
  2625 | D:4      | Killed a slave
  2639 | D:4      | Noticed a slave
  2640 | D:4      | Noticed Pikel
  2640 | D:4      | Noticed a slave
  2640 | D:4      | Noticed a slave
  2661 | D:4      | Killed a slave
  2673 | D:4      | Killed a slave
  2676 | D:4      | Killed Pikel
  2676 | D:4      | Reached skill level 6 in Axes
  2676 | D:4      | Reached skill level 5 in Armour
  2676 | D:4      | Reached skill level 5 in Shields
  2676 | D:4      | Reached XP level 7. HP: 31/66 MP: 5/5
  2834 | D:4      | Noticed Ijyb
  2845 | D:4      | Killed Ijyb
  2858 | D:5      | Entered Level 5 of the Dungeon
  2952 | D:4      | Found a shimmering altar of Xom.
  3287 | D:4      | Reached XP level 8. HP: 48/73 MP: 6/6
  3536 | D:5      | Reached skill level 7 in Axes
  3552 | D:5      | Found a runed door.
  4117 | D:5      | Found a snail-covered altar of Cheibriados.
  4330 | D:5      | Noticed Crazy Yiuf
  4334 | D:5      | Killed Crazy Yiuf
  4418 | D:6      | Noticed Menkaure
  4438 | D:6      | Killed Menkaure
  4438 | D:6      | Reached skill level 5 in Fighting
  4670 | D:6      | Reached skill level 8 in Axes
  4809 | D:6      | Found a hazy altar of Hepliaklqana.
  4809 | D:6      | Found a sacrificial altar of Ru.
  4812 | D:6      | Gained mutation: You passively map the area around you. [Deep Dwarf growth]
  4812 | D:6      | Reached XP level 9. HP: 68/81 MP: 5/5
  5100 | D:6      | You fall through a shaft for 2 floors!
  5100 | D:8      | Noticed a two-headed ogre
  5128 | D:8      | Killed a two-headed ogre
  5128 | D:8      | Reached skill level 9 in Axes
  5232 | D:8      | Found a staircase to the Lair.
  5357 | D:8      | Noticed a two-headed ogre
  5375 | D:8      | Killed a two-headed ogre
  5375 | D:8      | Reached skill level 10 in Axes
  5375 | D:8      | Reached XP level 10. HP: 48/92 MP: 3/3
  5380 | D:8      | HP: 4/92 [ogre/giant spiked club (25)]
  5545 | D:8      | Noticed a two-headed ogre
  5567 | D:8      | Killed a two-headed ogre
  5850 | Temple   | Entered the Ecumenical Temple
  5958 | Temple   | Became a worshipper of Makhleb the Destroyer
  7263 | Lair:1   | Entered Level 1 of the Lair of Beasts
  7281 | D:8      | Noticed a two-headed ogre
  7309 | D:8      | Killed a two-headed ogre
  7309 | D:8      | Reached skill level 11 in Axes
  7336 | D:9      | Noticed DanFootitt's ghost (novice TrFi)
  7456 | D:10     | Entered Level 10 of the Dungeon
  7499 | D:9      | Found Kyhuge's Antique Armour Boutique.
  7580 | D:9      | Mangled by DanFootitt's ghost

Skill      XL: |  1  2  3  4  5  6  7  8  9 10 |
---------------+-------------------------------+-----
Axes           | 3 4 5 6 8 10 11 | 11.3
Fighting       | 3 4 5 6 7 |  7.2
Armour         | 4 5 6 7 8 |  8.7
Shields        | 4 5 6 7 8 |  8.7

Action                   |  1- 3 |  4- 6 |  7- 9 | 10-12 || total
-------------------------+-------+-------+-------+-------++-------
Melee: War axe           |    85 |   190 |   357 |    30 ||   662
       Whip              |       |       |       |   219 ||   219
 Abil: Heal Wounds       |       |     8 |    20 |    14 ||    42
  Use: Scroll            |       |       |     8 |     2 ||    10
  Eat: Chunk             |     2 |     4 |     6 |     5 ||    17
       Ration            |       |       |     1 |     2 ||     3
Armor: Scale mail        |    50 |   196 |   164 |    57 ||   467
Dodge: Dodged            |    31 |   120 |   105 |    63 ||   319
Block: Shield            |    47 |   190 |   199 |   159 ||   595
